 Dungeon Crawl Stone Soup version 0.30.1-9-gdf580d7c3d (webtiles) character file.

Game seed: 12660034235896913898

178 KittyFluff the Cudgeller (level 5, -1/49 HPs)
             Began as a Gargoyle Berserker on Oct 20, 2023.
             Was a Believer of Trog.
             Constricted to death by Grinder (4 damage)
             ... on level 3 of the Dungeon.
             The game lasted 00:08:34 (1874 turns).

KittyFluff the Cudgeller (Gargoyle Berserker)       Turns: 1874, Time: 00:08:35

Health: -1/49      AC:  8    Str: 23    XL:     5   Next: 58%
Magic:  5/5        EV:  8    Int:  7    God:    Trog [**....]
Gold:   77         SH:  5    Dex:  9    Spells: 4/4 levels left

rFire   . . .        a - +0 mace
rCold   . . .        (no shield)
rNeg    + . .        c - +0 leather armour
rPois   ∞            (no helmet)
rElec   +            u - +0 cloak
rCorr   .            (no gloves)
SInv    .            (no boots)
Will    .....        s - amulet of reflection Stlth
                     (no ring)
HPRegen 0.28/turn    (no ring)
MPRegen 0.09/turn

%: reflection
@: berserking, grasped by roots, constricted, studying Maces & Flails, very
quick
A: sickness immunity, AC +4, negative energy resistance 1, electricity
resistance, torment resistance 1, petrification resistance
a: Renounce Religion, Berserk, Trog's Hand


You were on level 3 of the Dungeon.
You worshipped Trog.
Trog was pleased with you.
You visited 1 branch of the dungeon, and saw 3 of its levels.

You collected 116 gold pieces.
You spent 39 gold pieces at shops.

Inventory:

Hand Weapons
 a - a +0 mace (weapon)
 q - a +0 sling
 t - a +2 quarterstaff of chaos
Missiles
 o - 5 datura-tipped darts (quivered)
Armour
 c - a +0 leather armour (worn)
 u - a +0 cloak (worn)
Jewellery
 p - a ring of fire
 s - an amulet of reflection (around neck)
Scrolls
 b - 2 scrolls of blinking {unknown}
 g - 2 scrolls of teleportation
 l - 2 scrolls of enchant armour {unknown}
 r - a scroll of fog
 v - a scroll of immolation
Potions
 d - a potion of heal wounds
 e - 2 potions of might {unknown}
 f - 2 potions of flight {unknown}
 h - 2 potions of attraction {unknown}
 i - 2 potions of magic {unknown}
 k - a potion of lignification {unknown}
 m - 2 potions of mutation {unknown}
 n - a potion of degeneration {unknown}
 w - 2 potions of curing {unknown}


   Skills:
 + Level 4.1 Fighting
 * Level 4.2 Maces & Flails
 * Level 4.0 Armour
 + Level 2.3 Dodging


You had 4 spell levels left.
You didn't know any spells.
Your spell library was empty.

Dungeon Overview and Level Annotations

Branches:
Dungeon (3/15)

Altars:
Dithmenos
Elyvilon

Shops:
D:2 ?:   D:3 [

Annotations:
D:3 Grinder


Innate Abilities, Weirdness & Mutations

You are immune to sickness and miasma.
Your stone body is resilient. (AC +4)
You are immune to poison.
You resist negative energy. (rN+)
You are resistant to electric shocks. (rElec)
You are resistant to unholy torment.
You are immune to petrification.


Message History

You thump the jackal!
You kill the jackal!
Trog accepts your kill.
You see here a jackal corpse.
There is a stone staircase leading up here.
Found 18 gold pieces.
You now have 77 gold pieces (gained 18).
There is a stone staircase leading up here.
Grinder comes into view.
She is carrying a wand of roots (12).
Grinder shouts!
An adder comes into view.
Grinder gestures at you. Pain shoots through your body!
The adder hisses angrily.
Grinder gestures at you.
You barely resist. You hit Grinder.
Grinder is lightly wounded.
Grinder zaps a wand.
The roots erupt in riotous growth!
The grasping roots grab you!
Grinder is unaffected.
The grasping roots constrict you!
You barely miss Grinder.
Grinder is lightly wounded.
Grinder hits you. The grasping roots constrict you!
* * * LOW HITPOINT WARNING * * *
The grasping roots release their grip on you.
A red film seems to cover your vision as you go berserk!
You feel yourself moving faster!
You feel mighty!
Grinder zaps a wand.
The roots erupt in riotous growth!
The grasping roots grab you!
Grinder is unaffected.
The grasping roots constrict you.
* * * LOW HITPOINT WARNING * * *
You closely miss Grinder.
Grinder is lightly wounded.
Grinder hits you but does no damage. The grasping roots constrict you.
* * * LOW HITPOINT WARNING * * *
You sock Grinder!
Grinder is heavily wounded.
Grinder closely misses you. The grasping roots constrict you.
You die...

#......##.....#
#########
#.............#PP##
..............#P..#
#.#####.......~~PP
###...##......#P~~
)...P.........#...
# ###...###.....#
.# ##### # #.#####
##....####S..... ..
#..# ####...@5#
#..# #.....# #.##
#.....# #.# #.....#
#.# #.##### # #.#
##..# ####? #.#
##..#######.... #.#
#..####......# #.#
#.....§.§§...#


You could see Grinder and an adder.

Vanquished Creatures
  Crazy Yiuf (D:2)
  A jelly (D:3)
  6 adders
  A worm (D:2)
  2 dart slugs
  6 bats
  5 endoplasms
  2 giant cockroaches
  8 goblins
  7 hobgoblins
  2 jackals (D:3)
  2 quokkas (D:1)
  5 ball pythons
  2 frilled lizards
  2 kobolds (D:2)
  5 rats
57 creatures vanquished.

Notes
Turn   | Place    | Note
-------+----------+-------------------------------------------
     0 | D:1      | KittyFluff the Gargoyle Berserker began the quest for the
                  | Orb.
     0 | D:1      | Reached XP level 1. HP: 14/14 MP: 1/1
    93 | D:1      | Reached XP level 2. HP: 19/19 MP: 2/2
   407 | D:1      | Reached XP level 3. HP: 23/23 MP: 3/3
   567 | D:2      | Reached ** piety under Trog
   809 | D:2      | Reached XP level 4. HP: 29/29 MP: 4/4
   831 | D:2      | Found a runed translucent door.
   832 | D:2      | Noticed Crazy Yiuf
   838 | D:2      | Killed Crazy Yiuf
  1086 | D:2      | Found Haciz's Book Boutique.
  1101 | D:2      | Found Qusk's Magic Scroll Shop.
  1117 | D:2      | Bought a scroll of teleportation for 39 gold pieces
  1312 | D:3      | Reached XP level 5. HP: 23/33 MP: 5/5
  1517 | D:3      | Found a white marble altar of Elyvilon.
  1623 | D:3      | Found a shadowy altar of Dithmenos.
  1689 | D:3      | Found Gonuiw's Armour Emporium.
  1745 | D:3      | Identified a scroll of acquirement
  1746 | D:3      | Acquired a manual of Maces & Flails
  1867 | D:3      | Noticed Grinder
  1874 | D:3      | Constricted to death by Grinder

Illustrated notes

Levels and vault maps discovered:
D:1:      dpeg_arrival_fog, layout_rooms
D:2:      layout_basic, serial_shops, nicolae_shop_behind_doors,
          nicolae_shop_getting_attention, uniq_crazy_yiuf_cottage
D:3:      layout_rooms, mainiacjoe_overflow_brackets, elyvilon_altar_1,
          shapermc_ecumenical_altar_hornbeckon, serial_shops, shop,
          due_unseen_surprise, uniq_grinder

Skill      XL: |  1  2  3  4  5 |
---------------+----------------+-----
Armour         | 3 4 |  4.0
Dodging        | 2 |  2.3
Fighting       | 4 |  4.1
Maces & Flails | 4 |  4.2

Action                     |  1- 3 |  4- 6 || total
---------------------------+-------+-------++-------
  Melee: Mace              |    93 |    98 ||   191
 Invoke: Berserk           |       |     2 ||     2
    Use: Scroll            |       |     6 ||     6
 Armour: Animal skin       |     1 |       ||     1
         Leather armour    |    27 |    35 ||    62
  Dodge: Dodged            |    71 |    60 ||   131
  Block: Other             |       |     3 ||     3
